 Dungeon Crawl Stone Soup version 0.29.1-15-g9cfb28693d (webtiles) character file.

Game seed: 15690952414380154707

47443 Jase the Spry (level 14, -4/121 HPs)
             Began as a Merfolk Gladiator on Apr 23, 2023.
             Was an Elder of Ashenzari.
             Slain by a centaur warrior
             ... wielding a +4 vorpal great mace
              (11 damage)
             ... on level 11 of the Dungeon on Apr 24, 2023.
             The game lasted 01:49:58 (22463 turns).

Jase the Spry (Merfolk Gladiator)                  Turns: 22463, Time: 01:49:59

Health: -4/121     AC: 15    Str: 14    XL:     14   Next: 42%
Magic:  18/21      EV: 24    Int: 12    God:    Ashenzari [****..]
Gold:   689        SH:  0    Dex: 16    Spells: 15/23 levels left

rFire   . . .      SeeInvis +   b - +0 halberd
rCold   . . .      Faith    .   (shield currently unavailable)
rNeg    . . .      Spirit   .   I - +0 troll leather armour of Ashenzari's Oracle {Regen+, Elem, Cun} (curse)
rPois   +          Reflect  .   c - +0 helmet "Esoteric Boredom" {Alch, Cun} (curse)
rElec   .          Harm     .   E - +2 cloak {Stlth+}
rCorr   .          Rampage  .   w - +0 pair of gloves of the Lashed Cosmos {Comp, Evo} (curse)
Will    ++...      Clarity  +   y - +0 pair of boots of Ashenzari's Chagrin {Evo, Melee} (curse)
Stlth   +++++++...              (no amulet)
HPRegen 1.10/turn               x - ring of the Celestial Sage {Will+, Self, Comp} (curse)
MPRegen 0.17/turn               N - ring "Shattered With Me" {rPois, Elem, Comp} (curse)

@: ice-armoured
A: (nimble swimmer 2), mertail, camouflage 1
a: Renounce Religion, Curse Item, Shatter the Chains


You were on level 11 of the Dungeon.
You worshipped Ashenzari.
Ashenzari was greatly pleased with you.
You visited 2 branches of the dungeon, and saw 15 of its levels.
You also visited: Ossuary and Gauntlet.

You collected 1313 gold pieces.
You spent 624 gold pieces at shops.

Inventory:

Hand Weapons
 a - a +1 trident of protection
 b - a +0 halberd (weapon)
Missiles
 d - 3 throwing nets
 e - 4 javelins
 i - 153 stones (quivered)
 m - 42 poisoned darts
 F - 3 curare-tipped darts
 G - 4 atropa-tipped darts
 M - 4 boomerangs
 P - 5 silver javelins
Armour
 c - the cursed +0 helmet "Esoteric Boredom" (worn) {Alch, Cun}

   It has a curse which improves the following skills: Alchemy: Poison Magic and
   Transmutations.
   Cunning:   Dodging and Stealth.
 w - the cursed +0 pair of gloves of the Lashed Cosmos (worn) {Comp, Evo}
   (You found it on level 4 of the Dungeon)

   It has a curse which improves the following skills: Companions: Summonings
   and Necromancy.
   Evocations: Evocations.
 y - the cursed +0 pair of boots of Ashenzari's Chagrin (worn) {Evo, Melee}
   (You found it on level 4 of the Dungeon)

   It has a curse which improves the following skills: Evocations: Evocations.
   Melee Combat: Short Blades, Long Blades, Axes, Maces & Flails, Polearms,
   Staves and Unarmed Combat.
 E - a +2 cloak of stealth (worn)
 I - the cursed +0 troll leather armour of Ashenzari's Oracle (worn) {Regen+, Elem, Cun}
   (You found it on level 8 of the Dungeon)

   Regen:     It increases your rate of health regeneration.
   It has a curse which improves the following skills: Elements: Fire Magic, Ice
   Magic, Air Magic and Earth Magic.
   Cunning:   Dodging and Stealth.
 O - a +2 scale mail of cold resistance
Jewellery
 x - the cursed ring of the Celestial Sage (left hand) {Will+, Self, Comp}
   (You found it on level 4 of the Dungeon)

   [ring of willpower]

   Will:      It increases your willpower.
   It has a curse which improves the following skills: Introspection: Fighting
   and Spellcasting.
   Companions: Summonings and Necromancy.
 z - the ring of Gompayl {Ice rElec rN+}
   (You found it in a Gauntlet)

   [ring of ice]

   It enhances your ice magic.
   rF:        It makes you vulnerable to fire.
   rC:        It protects you from cold.
   rElec:     It insulates you from electricity.
   rN:        It protects you from negative energy.
 N - the cursed ring "Shattered With Me" (right hand) {rPois, Elem, Comp}
   (You acquired it on level 1 of the Lair of Beasts)

   [ring of poison resistance]

   rPois:     It protects you from poison.
   It has a curse which improves the following skills: Elements: Fire Magic, Ice
   Magic, Air Magic and Earth Magic.
   Companions: Summonings and Necromancy.
 T - a ring of wizardry
 U - a +4 ring of protection
Wands
 f - a wand of roots (8)
 q - a wand of flame (26)
 A - a wand of light (18)
 D - a wand of paralysis (4)
 H - a wand of polymorph (5)
 Q - a wand of mindburst (8)
Scrolls
 h - 5 scrolls of enchant weapon
 k - 3 scrolls of enchant armour
 o - 2 scrolls of silence
 p - 8 scrolls of teleportation
 u - a scroll of brand weapon
 v - 3 scrolls of magic mapping
 J - 4 scrolls of summoning
 K - 4 scrolls of blinking
 L - 3 scrolls of amnesia
Potions
 g - 4 potions of mutation
 j - 3 potions of brilliance
 l - a potion of resistance
 n - 5 potions of flight
 s - 5 potions of curing
 t - 2 potions of ambrosia
 B - a potion of magic
 C - 3 potions of haste
 R - 2 potions of cancellation
 S - 2 potions of invisibility
Miscellaneous
 V - a tin of tremorstones (2/2)


   Skills:
 + Level 12.4(14.3) Fighting
 - Level 14.1(16.0) Polearms
 - Level 2.0 Throwing
 + Level 18.5(21.2) Dodging
 - Level 9.0(12.0) Stealth
 - Level 3.5(5.3) Spellcasting
 + Level 5.9 Hexes
 + Level 11.2(14.1) Ice Magic
 + Level 7.5(10.5) Evocations


You had 15 spell levels left.
You knew the following spells:

 Your Spells              Type           Power      Damage    Failure   Level
d - Ozocubu's Armour      Ice            37%        N/A       1%          3
e - Metabolic Englaciati  Hex/Ice        13%        N/A       11%         5

Your spell library contained the following spells:

 Spells                   Type           Power      Damage    Failure   Level
 Confusing Touch          Hex            17%        N/A       6%          3
 Apportation              Tloc           6%         N/A       26%         1
 Static Discharge         Conj/Air       3%         3-4/arc   34%         2
 Swiftness                Air            4%         N/A       54%         3
 Ozocubu's Refrigeration  Ice            18%        4d11      54%         7
 Mephitic Cloud           Conj/Pois/Air  3%         N/A       56%         3
 Teleport Other           Tloc           3%         N/A       58%         3
 Yara's Violent Unravell  Hex/Tmut       5%         3d4       88%         5
 Simulacrum               Ice/Necr       10%        N/A       88%         6
 Olgreb's Toxic Radiance  Pois           3%         N/A       92%         4
 Alistair's Intoxication  Tmut/Pois      2%         N/A       99%         5
 Blade Hands              Tmut           1%         N/A       99%         5
 Lightning Bolt           Conj/Air       1%         1d12      99%         5
 Irradiate                Conj/Tmut      1%         3d12      100%        5
 Dragon Form              Tmut           1%         N/A       100%        7
 Enfeeble                 Hex            8%         N/A       100%        7
 Borgnjor's Revivificati  Necr           2%         N/A       100%        8
 Ignition                 Fire           2%         3d3       100%        8
 Maxwell's Capacitive Co  Air            2%         ∞         100%        8
 Necromutation            Tmut/Necr      2%         N/A       100%        8
 Chain Lightning          Conj/Air       1%         3d2       100%        9
 Death's Door             Necr           2%         N/A       100%        9
 Fire Storm               Conj/Fire      1%         8d1       100%        9
 Shatter                  Erth           2%         3d6*      100%        9


Dungeon Overview and Level Annotations

Branches:
Dungeon (11/15)            Temple (0/1) D:7            Lair (4/5) D:10
  Swamp (0/4) Lair:2        Snake (0/4) Lair:2        Slime (0/5) Lair:4
    Orc (0/2) D:11        Ossuary (visited)         Gauntlet (visited)

Altars:
Ashenzari
Cheibriados
Dithmenos
Elyvilon
Makhleb
Okawaru
Ru
Sif Muna
Trog
Vehumet
Wu Jian
Xom
Yredelemnul
Zin
The Shining One

Shops:
D:3 !*((   D:8 ?

Annotations:
D:5 3 runed translucent doors, Buffagor's ghost, amateur MiMo


Innate Abilities, Weirdness & Mutations

((You are very nimble when in or above water. (Stealth+, EV+, Speed+++)))
Your lower body shifts to a powerful aquatic tail in water.
Your skin changes colour to match your surroundings (Stealth+).


Message History

The centaur warrior unwields a +0 shortbow.
The centaur warrior wields a +4 vorpal great mace.
The centaur warrior hits you with a +4 vorpal great mace!
* * * LOW HITPOINT WARNING * * *
x2 The centaur warrior kicks you but does no damage.
Casting: Metabolic Englaciation (dangerous; 11% risk of failure)
Confirm with . or Enter, or press ? or * to list all spells.
A film of ice covers your body! The centaur warrior closely misses you.
The centaur warrior kicks you but does no damage.
The orc wizard gestures wildly while chanting.
The orc wizard flickers and vanishes for a moment.
The centaur warrior misses you. The centaur warrior kicks you.
* * * LOW HITPOINT WARNING * * *
The boulder beetle leaps!
You feel much better.
The centaur warrior hits you with a +4 vorpal great mace!!
* * * LOW HITPOINT WARNING * * *
x2 The centaur warrior kicks you but does no damage.
Unknown command.
You closely miss the centaur warrior.
The centaur warrior hits you with a +4 vorpal great mace!
* * * LOW HITPOINT WARNING * * *
x2 The centaur warrior kicks you but does no damage.
Unknown command.
You hit the centaur warrior.
The centaur warrior is lightly wounded.
The centaur warrior completely misses you.
The centaur warrior kicks you.
* * * LOW HITPOINT WARNING * * *
You barely miss the centaur warrior.
The centaur warrior is lightly wounded.
The centaur warrior barely misses you.
The centaur warrior completely misses you.
The centaur warrior hits you with a +4 vorpal great mace!
* * * LOW HITPOINT WARNING * * *
x2 The centaur warrior kicks you but does no damage.
You hit the centaur warrior but do no damage.
The centaur warrior is lightly wounded.
The centaur warrior hits you with a +4 vorpal great mace!
You die...

........###.##### ####)###......
.......##.....#######..#..##.....
......##.#####.#####..###..##....
.....##.* {..##.###.#.....#.##...
.).).#.* , ..##.#...##.##...# ,,
.....#. ,, ..#.#B#○#...#.#.# *
......., , ,.##.##...⌠...#*.. *
.....#.#, ,.#.#.#.#...#.# .
.....#.#*, ,, ##@#...##B##...* ,*
.....# . #c###.#.....#.##,,
......# . *#o##.##..###..*#
....... *, ..# ,,*#.,*,.##,, ,
......., .##* , ## *#, ,,,
....... ..,,,, , , ,, , , ,,
....... . , , , , ,, ** , ,,, , ,
, , , ,, , , , , * ,, ,, ,, ,


You could see a boulder beetle, a centaur warrior and an orc wizard (invisible).

Vanquished Creatures
  Gastronok (Lair:3)
  A minotaur (Gauntlet)
  Josephine (D:10)
  Harold (D:10)
  A hydra (Lair:4)
  A centaur warrior (D:11)
  A catoblepas (Lair:1)
  2 ogre magi (D:11)
  8 death yaks
  2 two-headed ogres
  2 bog bodies (Lair:2)
  A necromancer (Gauntlet)
  2 ugly things (D:11)
  A worldbinder (Gauntlet)
  A black mamba (Lair:4)
  23 elephants
  A torpor snail (Lair:1)
  3 cane toads
  A minotaur zombie (Gauntlet)
  An efreet (D:11)
  A rime drake (Lair:3)
  7 komodo dragons
  2 trolls
  4 slime creatures
  Prince Ribbit (D:6)
  17 blink frogs
  A dream sheep (shapeshifter) (D:11)
  3 wyverns
  6 wraiths (D:11)
  17 yaks
  5 basilisks
  2 chaos spawn (Gauntlet)
  A steam dragon (D:9)
  A neqoxec (Gauntlet)
  3 nagas
  An acid dragon (D:11)
  10 water moccasins
  A black bear (D:6)
  4 sky beasts
  7 orc warriors
  A black bear (shapeshifter) (D:11)
  3 ice beasts
  2 ogres (D:7)
  7 centaurs
  A boggart (Gauntlet)
  23 wolves
  A phantom (D:5)
  3 elf zombies (Ossuary)
  Blork the orc (D:5)
  17 bullfrogs
  3 kobold brigands
  7 gnoll sergeants
  5 scorpions
  3 necrophages
  17 wights
  16 killer bees
  8 electric eels
  5 howler monkeys
  4 jellies
  2 gnoll boudas (D:8)
  9 orc priests
  14 orc wizards
  7 hell rats (Lair:3)
  A hound zombie (Ossuary)
  4 mummies (Ossuary)
  12 gnolls
  8 adders
  3 white imps
  2 ufetubi
  5 dart slugs
  3 worms
  46 orcs
  10 endoplasms
  A giant cockroach (D:3)
  8 hobgoblins
  4 jackals
  22 kobolds
  2 quokkas
  11 ball pythons
  4 bats
  3 frilled lizards
  7 goblins
  A goblin zombie (Ossuary)
  A hobgoblin skeleton (D:11)
  A jackal zombie (Ossuary)
  3 kobold zombies (Ossuary)
  An orc skeleton (D:11)
  2 orc zombies
  7 rats
  2 rat zombies (Ossuary)
482 creatures vanquished.

Vanquished Creatures (others)
  10 fungi
  100 plants
110 creatures vanquished.

Grand Total: 592 creatures vanquished

Notes
Turn   | Place    | Note
-------+----------+-------------------------------------------
     0 | D:1      | Jase the Merfolk Gladiator began the quest for the Orb.
     0 | D:1      | Reached XP level 1. HP: 16/16 MP: 1/1
   211 | D:1      | Reached XP level 2. HP: 23/23 MP: 2/2
   405 | D:1      | Found a faded altar of an unknown god.
   413 | D:1      | Prayed at the altar of an unknown god.
   413 | D:1      | Became a worshipper of Ashenzari the Shackled
  1067 | D:1      | Reached XP level 3. HP: 28/28 MP: 3/3
  1079 | D:1      | Reached * piety under Ashenzari
  1771 | D:2      | Reached skill level 1 in Stealth
  1774 | D:2      | Reached skill level 5 in Polearms
  1959 | D:2      | Reached ** piety under Ashenzari
  2008 | D:2      | Reached XP level 4. HP: 34/34 MP: 4/4
  2682 | D:3      | Found Tanneom's Distillery.
  2692 | D:3      | Bought a potion of heal wounds for 65 gold pieces
  2692 | D:3      | Bought a potion of curing for 39 gold pieces
  2727 | D:3      | Found Kobot's Assorted Antiques.
  2774 | D:3      | Found an ornate altar of the Wu Jian Council.
  3063 | D:3      | Reached XP level 5. HP: 41/41 MP: 5/5
  3064 | D:3      | Found Domih's Antique Weapon Boutique.
  3110 | D:3      | Found a glowing golden altar of the Shining One.
  3110 | D:3      | Found a white marble altar of Elyvilon.
  3111 | D:3      | Found a glowing silver altar of Zin.
  3138 | D:3      | Reached skill level 5 in Dodging
  3337 | D:3      | Found a burning altar of Makhleb.
  3337 | D:3      | Noticed a balrug
  3348 | D:3      | Found a shadowy altar of Dithmenos.
  3375 | D:3      | Reached XP level 6. HP: 26/47 MP: 6/6
  3667 | D:3      | Found Toem's Weapon Shop.
  4166 | D:4      | Found a snail-covered altar of Cheibriados.
  4166 | D:4      | Found a broken altar of Ashenzari.
  4272 | D:4      | Reached *** piety under Ashenzari
  4480 | D:5      | Entered Level 5 of the Dungeon
  4490 | D:5      | Noticed an ice beast
  4505 | D:5      | Reached XP level 7. HP: 42/56 MP: 7/7
  4580 | D:5      | Found an iron altar of Okawaru.
  4657 | D:5      | Noticed Blork the orc
  4676 | D:5      | Killed Blork the orc
  4677 | D:5      | Reached skill level 6 in Dodging
  5146 | D:5      | Reached **** piety under Ashenzari
  5231 | D:5      | Reached XP level 8. HP: 64/65 MP: 8/8
  5326 | D:5      | Found a runed translucent gate.
  5327 | D:5      | Found a runed translucent gate.
  5327 | D:5      | Found a runed translucent gate.
  5330 | D:5      | Noticed Buffagor's ghost (amateur MiMo)
  5547 | D:5      | Reached skill level 5 in Fighting
  6285 | D:6      | Reached skill level 7 in Dodging
  6285 | D:6      | Reached skill level 5 in Stealth
  6434 | D:6      | Found a shimmering altar of Xom.
  6434 | D:6      | Found a sacrificial altar of Ru.
  6467 | D:6      | Reached skill level 10 in Polearms
  6494 | D:6      | Found a radiant altar of Vehumet.
  6506 | D:6      | Found a bloodstained altar of Trog.
  6534 | D:6      | Noticed Prince Ribbit
  6550 | D:6      | Killed Prince Ribbit
  6551 | D:6      | Reached skill level 1 in Evocations
  6551 | D:6      | Reached XP level 9. HP: 52/74 MP: 9/9
  6650 | D:6      | Identified the cursed +0 pair of boots of Ashenzari's
                  | Chagrin {Evo, Melee} (You found it on level 4 of the
                  | Dungeon)
  6845 | D:6      | Reached skill level 8 in Dodging
  8248 | D:7      | Found a staircase to the Ecumenical Temple.
  8719 | D:8      | Found a sand-covered staircase.
  8728 | Ossuary  | Entered an ossuary
  8772 | Ossuary  | Reached skill level 9 in Dodging
  8819 | Ossuary  | Reached XP level 10. HP: 59/83 MP: 10/10
  9231 | D:8      | Found Ypiukh's Magic Scroll Emporium.
  9242 | D:8      | Bought a scroll of acquirement for 520 gold pieces
  9242 | D:8      | Acquired a manual of Dodging
  9722 | D:8      | Reached skill level 10 in Dodging
 10464 | D:8      | Learned a level 3 spell: Ozocubu's Armour
 10932 | D:8      | Reached skill level 1 in Ice Magic
 11160 | D:8      | Reached skill level 1 in Spellcasting
 11266 | D:8      | Reached skill level 11 in Dodging
 11771 | D:9      | Found a shimmering blue altar of Sif Muna.
 11824 | D:9      | Reached XP level 11. HP: 85/91 MP: 14/16
 11872 | D:9      | Found a basalt altar of Yredelemnul.
 12027 | D:9      | Reached skill level 12 in Dodging
 12285 | D:10     | Entered Level 10 of the Dungeon
 12285 | D:10     | Noticed a two-headed ogre
 12303 | D:10     | Killed a two-headed ogre
 12872 | D:10     | Reached skill level 5 in Ice Magic
 12967 | D:10     | Found a staircase to the Lair.
 13094 | D:10     | Noticed Harold
 13119 | D:10     | Killed Harold
 13406 | Lair:1   | Entered Level 1 of the Lair of Beasts
 13458 | Lair:1   | Noticed a catoblepas
 13535 | Lair:1   | Killed a catoblepas
 13588 | Lair:1   | Reached skill level 13 in Dodging
 14200 | Lair:1   | Reached XP level 12. HP: 79/100 MP: 19/19
 14243 | Lair:1   | Reached skill level 14 in Dodging
 14340 | Lair:1   | Noticed a death yak
 14482 | Lair:1   | Killed a death yak
 14483 | Lair:1   | Reached skill level 10 in Fighting
 15045 | Lair:1   | Reached skill level 15 in Dodging
 15254 | Lair:2   | Found a staircase to the Snake Pit.
 15686 | Lair:2   | HP: 3/103 [constriction (4)]
 15695 | Lair:1   | Acquired a ring of poison resistance
 15705 | Lair:1   | Learned a level 5 spell: Metabolic Englaciation
 15833 | Lair:1   | Reached skill level 1 in Hexes
 16351 | Lair:2   | Reached skill level 16 in Dodging
 16441 | Lair:2   | Reached skill level 5 in Evocations
 17045 | Lair:2   | Found a staircase to the Swamp.
 17068 | Lair:2   | Reached XP level 13. HP: 9/111 MP: 18/20
 18185 | Lair:3   | Noticed Gastronok
 18239 | Lair:3   | Killed Gastronok
 18616 | Lair:3   | Reached skill level 10 in Ice Magic
 19209 | Lair:4   | Found a staircase to the Slime Pits.
 19324 | Lair:4   | Reached skill level 17 in Dodging
 20791 | D:11     | Noticed Josephine
 20799 | D:10     | Killed Josephine
 20925 | D:11     | Reached XP level 14. HP: 114/119 MP: 19/21
 21002 | D:11     | Reached skill level 5 in Hexes
 21055 | D:11     | Found a gate leading to a gauntlet.
 21086 | Gauntlet | Entered a Gauntlet
 21086 | Gauntlet | Found a transporter.
 21086 | Gauntlet | Found a transporter.
 21142 | Gauntlet | Found a transporter.
 21154 | Gauntlet | Found a transporter.
 21154 | Gauntlet | Identified the ring of Gompayl {Ice rElec rN+}
 21169 | Gauntlet | Found a transporter.
 21181 | Gauntlet | Found a transporter.
 21196 | Gauntlet | Found a transporter.
 21203 | Gauntlet | Found a transporter.
 21225 | Gauntlet | Found a transporter.
 21286 | Gauntlet | Found a transporter.
 21286 | Gauntlet | Found a transporter.
 21323 | Gauntlet | Found a transporter.
 21576 | Gauntlet | Reached skill level 18 in Dodging
 21711 | Gauntlet | Gained mutation: You have hidden genetic potential. [a
                  | neqoxec]
 21712 | Gauntlet | Gained mutation: You sometimes lose your temper in combat.
                  | [a neqoxec]
 21798 | Gauntlet | Lost mutation: You sometimes lose your temper in combat.
                  | [potion of mutation]
 21798 | Gauntlet | Lost mutation: You have hidden genetic potential. [potion
                  | of mutation]
 21798 | Gauntlet | Gained mutation: Your skin changes colour to match your
                  | surroundings (Stealth+). [potion of mutation]
 21814 | Gauntlet | Identified Wufoumed's Foundations of Theurgy
 21814 | Gauntlet | Identified the +8 falchion of Law {venom, Fragile rF- Int+8
                  | Dex+4}
 22463 | D:11     | Slain by a centaur warrior

Illustrated notes

Levels and vault maps discovered:
D:1:      onia_arrival_mini_maze, layout_loops_corners,
          ebering_ecumenical_altar_rust, glass_columns_a, minmay_pentomino_t2
D:2:      layout_basic, amcnicky_mini_corridor_feature
D:3:      layout_basic, good_gods_temple_1, old_standard_altar,
          makhleb_altar_promises_db, lemuel_doored_altar, serial_shops, shop,
          shop, nicolae_shop_crystal, nicolae_square_shop,
          amcnicky_mini_rare_corridor_liquid, nicolae_figureground_sparkle
D:4:      layout_loops_ring, gammafunk_temple_overflow_wave
D:5:      layout_cave_pools, okawaru_ov_weapons_minmay,
          gammafunk_ghost_necromancy, nrook_loot_triangle,
          kennysheep_pointless_box, serial_bayou_pond_b, uniq_blork_the_orc
D:6:      layout_basic, nicolae_overflow_quartered_altars,
          serial_bayou_crossing, uniq_prince_ribbit1
D:7:      layout_basic, temple_doors_e
D:8:      layout_loops_ring, serial_shops, shop, enter_ossuary_3,
          dk_noncrumbling_4, kennysheep_diamond, pf_guarded_unrand_woodcutter
D:9:      layout_loops_cross, mainiacjoe_overflow_alcove_1, marbit_many_paths
D:10:     layout_loops_corners, david_lair_shrubbed,
          hangedman_decor_clover_reticule, uniq_harold
D:11:     minmay_the_grid_octo_2x2 [minmay_the_grid_octo_focus,
          minmay_the_grid_octo_fat_diamond, minmay_the_grid_octo_odd_swirl,
          minmay_the_grid_octo_prize_big_c], layout_irregular_city,
          zombieorc2_lemuel, gauntlet_entry_generic, grunt_dithmenos_smoke,
          uniq_josephine
Lair:1:   layout_gridlike, serial_bayou, serial_bayou_lake_a,
          serial_bayou_ford_a, serial_bayou_pond_b, serial_bayou_lagoon_a
Lair:2:   layout_layer_cave, skrybe_swamp_entry_bodies,
          minmay_snake_entry_guardpost_small
Lair:3:   layout_chaotic_city, beast_lair_carwin_4, uniq_gastronok
Lair:4:   layout_cave_pods, slime_entry_1, serial_bayou_shore_b,
          grunt_megastairs_2

Skill      XL: |  1  2  3  4  5  6  7  8  9 10 11 12 13 14 |
---------------+-------------------------------------------+-----
Stealth        | 1 2 3 4 5 6 8 9 |  9.0
Polearms       | 5 6 7 8 10 12 14 | 14.1
Fighting       | 3 4 6 7 8 9 11 12 | 12.4
Dodging        | 5 6 7 9 11 13 16 17 18 | 18.5
Evocations     | 1 3 4 5 6 7 |  7.5
Ice Magic      | 3 7 9 10 11 | 11.2
Spellcasting   | 2 3 |  3.5
Hexes          | 2 4 5 |  5.9
Throwing       | |  2.0

Action                   |  1- 3 |  4- 6 |  7- 9 | 10-12 | 13-15 || total
-------------------------+-------+-------+-------+-------+-------++-------
Melee: Trident           |   110 |   170 |   495 |  1721 |   547 ||  3043
       Punch             |       |     1 |     4 |    30 |     7 ||    42
       Tailslap          |       |       |     1 |   120 |    86 ||   207
       Halberd           |       |       |       |       |   698 ||   698
Throw: Throwing net      |       |       |     3 |     2 |       ||     5
       Stone             |       |       |       |     4 |     1 ||     5
 Cast: Ozocubu's Armour  |       |       |       |    24 |    46 ||    70
       Metabolic Englaci |       |       |       |       |     2 ||     2
Invok: Curse Item        |     3 |     2 |     1 |     2 |       ||     8
       Shatter the Chain |       |       |       |     1 |     1 ||     2
Evoke: Wand              |       |       |       |     5 |     6 ||    11
  Use: Potion            |       |       |     1 |     6 |     5 ||    12
       Scroll            |       |       |       |     3 |     1 ||     4
 Stab: Distracted        |     1 |       |     1 |     6 |     5 ||    13
       Sleeping          |     4 |    18 |    11 |    31 |     7 ||    71
       Held in net/web   |       |       |     2 |     7 |       ||     9
       Invisible         |       |       |     2 |     1 |     3 ||     6
       Paralysed         |       |       |       |       |     2 ||     2
Armor: Leather armour    |    13 |    10 |    82 |    11 |       ||   116
       Troll leather arm |       |       |       |   177 |   222 ||   399
Dodge: Dodged            |    56 |    80 |   303 |   984 |   929 ||  2352
